 Dungeon Crawl Stone Soup version 0.30-a0-743-gbfdf073431 (webtiles) character file.

Game seed: 13323949539488621557

1728 M4edhros the Changer (level 9, -1/59 HPs)
             Began as an Octopode Transmuter on Feb 7, 2023.
             Was a Follower of Cheibriados.
             Slain by an ogre
             ... wielding a +0 giant club
              (21 damage)
             ... on level 5 of the Dungeon.
             The game lasted 00:09:47 (2472 turns).

M4edhros the Changer (Octopode Transmuter)          Turns: 2472, Time: 00:09:48

Health: -1/59      AC:  1    Str: 12      XL:     9   Next: 5%
Magic:  12/12      EV: 15    Int: 18 (19) God:    Cheibriados [*.....]
Gold:   224        SH:  5    Dex: 18 (19) Spells: 4/12 levels left

rFire   . . .      SeeInvis .    a - +1 flail (protect)
rCold   . . .      Faith    .    (no shield)
rNeg    . . .      Spirit   .    (helmet restricted)
rPois   .          Reflect  +    c - amulet of reflection
rElec   .          Harm     .    (no ring)
rCorr   .          Rampage  .    (no ring)
Will    .....                    (no ring)
Stlth   +++                      (no ring)
HPRegen 0.29/turn                (no ring)
MPRegen 0.13/turn                (no ring)
                                 (no ring)
                                 (no ring)

@: flying, unable to read, very slow
A: almost no armour, amphibious, 8 rings, camouflage 1, gelatinous body 1,
(nimble swimmer 1), tentacles, tentacle spike 1, passive freeze, inability to
read after injury 1, devolution 1
a: Renounce Religion, Bend Time


You were on level 5 of the Dungeon.
You worshipped Cheibriados.
Cheibriados was aware of your devotion.
You visited 2 branches of the dungeon, and saw 8 of its levels.
You also visited: Ossuary.

You collected 224 gold pieces.

Inventory:

Hand Weapons
 a - a +1 flail of protection (weapon)
 x - a +2 sling of flaming
Missiles
 j - 11 poisoned darts
 r - 2 curare-tipped darts
Jewellery
 c - an amulet of reflection (around mantle)
 t - a ring of fire
 u - a ring of fire
Scrolls
 f - 3 scrolls of teleportation
 i - a scroll of brand weapon
 m - a scroll of vulnerability
 p - a scroll of poison {unknown}
 s - a scroll of immolation
 v - a scroll of magic mapping {unknown}
Potions
 b - a potion of berserk rage {unknown}
 d - a potion of brilliance {unknown}
 e - a potion of degeneration
 g - a potion of curing
 h - a potion of mutation
 k - 2 potions of lignification
 n - a potion of heal wounds {unknown}
 o - a potion of resistance {unknown}


   Skills:
 + Level 4.6 Fighting
 + Level 5.0 Dodging
 - Level 5.3 Unarmed Combat
 - Level 2.0 Spellcasting
 - Level 6.6 Transmutations
 + Level 4.4 Ice Magic


You had 4 spell levels left.
You knew the following spells:

 Your Spells              Type           Power      Damage    Failure   Level
a - Beastly Appendage     Tmut           50%        N/A       1%          1
b - Spider Form           Tmut/Pois      13%        N/A       14%         3
c - Ice Form              Ice/Tmut       21%        N/A       19%         4

Your spell library contained the following spells:

 Spells                   Type           Power      Damage    Failure   Level
 Wereblood                Tmut           25%        N/A       1%          2


Dungeon Overview and Level Annotations

Branches:
Dungeon (7/15)             Temple (1/1) D:7         Ossuary (visited)

Altars:
Ashenzari
Cheibriados
Fedhas
Kikubaaqudgha
Nemelex Xobeh
Ru
Sif Muna
Vehumet
Zin
The Shining One


Innate Abilities, Weirdness & Mutations

You cannot wear most types of armour.
You are amphibious.
You can wear up to eight rings at the same time.
Your skin changes colour to match your surroundings (Stealth+).
Your rubbery body absorbs attacks. (AC +1, EV +1)
((You are camouflaged when in or above water. (Stealth+)))
You have tentacles for arms and can constrict up to eight enemies at once.
One of your tentacles bears a spike.
A frigid envelope surrounds you and freezes all who hurt you.
You occasionally lose the ability to read scrolls when taking damage.
You have hidden genetic defects.


Message History

Cheibriados thoroughly appreciates the change of pace.
A nearby plant withers and dies.
You see here an adder corpse.
Your +1 flail of protection hums with potential!
a - a +1 flail of protection (weapon)
You swing at nothing.
You swing at nothing.
You swing at nothing.
You swing at nothing.
The orc warrior hits you from afar with a +0 trident!
* * * LOW HITPOINT WARNING * * *
You feel a genetic drift.
You occasionally lose the ability to read scrolls when taking damage.
Okay, then.
You aren't carrying any items that you can evoke.
Okay, then.
Blink to where?
Press: ? - help, Dir - move target
As you read the scroll of blinking, it crumbles to dust.
As you read the scroll of teleportation, it crumbles to dust.
You feel strangely unstable.
You are caught in the web!
There is a web, spattered with blood here.
You disentangle yourself.
Your surroundings suddenly seem different.
There is a stone staircase leading up here.
You climb upwards.
Found a spiked leather armour.
There is a stone staircase leading down here.
An ogre comes into view. It is wielding a +0 giant club.
The ogre shouts!
You aren't carrying any items that you can evoke.
It was a potion of flight.
You feel very buoyant.
You fly up into the air.
It was a potion of magic.
Magic courses through your body. The ogre attacks as you move away!
The ogre hits you with a +0 giant club!!
You feel threatened and lose the ability to read scrolls!
You die...

.....######..#
.............
#......#...
...#.#.#.#
##.....>.##
..........#
.#.#.#....# #
#....# #.@..#
#.O..#
#......#
###....#
#....# #....#
#....# #....#
#....#


You could see an ogre.

Vanquished Creatures
  Sigmund (D:4)
  Edmund (D:4)
  An orc warrior (D:6)
  A centaur (D:5)
  2 kobold brigands (D:7)
  3 bullfrogs
  A necrophage (D:6)
  6 scorpions
  4 hounds
  A jelly (D:5)
  An orc priest (D:6)
  An iguana (D:4)
  5 orc wizards
  A mummy (Ossuary)
  6 adders
  2 ufetubi
  13 orcs
  3 spectral bats (Ossuary)
  3 bats (D:6)
  2 endoplasms (D:1)
  3 giant cockroaches
  2 goblins
  2 hobgoblins
  6 jackals (D:4)
  17 kobolds
  A quokka (D:4)
  A ball python (D:1)
  4 bat simulacra (Ossuary)
  A frilled lizard (D:1)
  12 gnoll zombies (Ossuary)
  A goblin simulacrum (Ossuary)
  6 goblin zombies (Ossuary)
  3 hobgoblin zombies (Ossuary)
  3 kobold simulacra (Ossuary)
  2 kobold zombies (Ossuary)
  7 orc zombies (Ossuary)
  A rat simulacrum (Ossuary)
  A spectral goblin (Ossuary)
  4 spectral kobolds (Ossuary)
  4 spectral rats (Ossuary)
139 creatures vanquished.

Vanquished Creatures (others)
  A kobold (D:4)
  A fungus (D:6)
  A plant (D:6)
3 creatures vanquished.

Grand Total: 142 creatures vanquished

Notes
Turn   | Place    | Note
-------+----------+-------------------------------------------
     0 | D:1      | M4edhros the Octopode Transmuter began the quest for the
                  | Orb.
     0 | D:1      | Reached XP level 1. HP: 13/13 MP: 3/3
    89 | D:1      | Reached XP level 2. HP: 11/18 MP: 5/5
   410 | D:4      | Reached XP level 3. HP: 23/23 MP: 6/6
   418 | D:4      | Noticed a scorpion
   424 | D:4      | Learned a level 3 spell: Spider Form
   432 | D:4      | Killed a scorpion
   433 | D:4      | Reached skill level 3 in Transmutations
   433 | D:4      | Reached XP level 4. HP: 26/28 MP: 0/7
   520 | D:4      | Reached XP level 5. HP: 12/33 MP: 8/8
   604 | D:4      | Reached skill level 4 in Transmutations
   853 | D:4      | Noticed Edmund
   861 | D:4      | Killed Edmund
   862 | D:4      | Reached skill level 5 in Unarmed Combat
   862 | D:4      | Reached XP level 6. HP: 38/38 MP: 9/9
   915 | D:4      | Learned a level 4 spell: Ice Form
   979 | D:4      | Identified the +1 robe of the Shrike {Rampage rC- rN+}
  1052 | D:4      | Noticed Sigmund
  1059 | D:4      | Killed Sigmund
  1060 | D:4      | Reached skill level 5 in Transmutations
  1060 | D:4      | Reached skill level 1 in Ice Magic
  1060 | D:4      | Reached XP level 7. HP: 36/45 MP: 10/10
  1141 | D:5      | Entered Level 5 of the Dungeon
  1256 | D:5      | Found a sand-covered staircase.
  1261 | Ossuary  | Entered an ossuary
  1741 | D:7      | Reached XP level 8. HP: 46/52 MP: 11/11
  1817 | D:7      | Found a staircase to the Ecumenical Temple.
  1823 | Temple   | Entered the Ecumenical Temple
  1840 | Temple   | Became a worshipper of Cheibriados the Contemplative
  1960 | D:7      | Reached skill level 6 in Transmutations
  1979 | D:7      | Found a glowing golden altar of the Shining One.
  2119 | D:6      | Reached * piety under Cheibriados
  2225 | D:6      | Gained mutation: One of your tentacles bears a spike.
                  | [potion of mutation]
  2225 | D:6      | Gained mutation: A frigid envelope surrounds you and
                  | freezes all who hurt you. [potion of mutation]
  2225 | D:6      | Gained mutation: You have hidden genetic defects. [potion
                  | of mutation]
  2413 | D:6      | Reached XP level 9. HP: 42/59 MP: 12/12
  2425 | D:6      | Found the +11 Singing Sword {sonic wave}
  2440 | D:6      | Reached skill level 5 in Dodging
  2452 | D:6      | Gained mutation: You occasionally lose the ability to read
                  | scrolls when taking damage. [hidden defects]
  2472 | D:5      | Slain by an ogre

Illustrated notes

Levels and vault maps discovered:
D:1:      dpeg_arrival_rooms_with_view, layout_basic, nrook_mini_vaults
D:2:      layout_loops_ring, uniq_natasha
D:3:      layout_basic, mainiacjoe_overflow_six_doors_small,
          ebering_ecumenical_altar_sacrificial, chequers_avenue
D:4:      layout_gridville, kennysheep_minor_cross, kennysheep_generic_room_3,
          uniq_sigmund, uniq_edmund
D:5:      layout_basic, lemuel_tele_altar, enter_ossuary_2
D:6:      old_forge, layout_gridville, mainiacjoe_overflow_tiny_flanked
D:7:      layout_basic, tso_altar, minmay_temple_entry_waves,
          chequers_decorated_corner
Temple:   zaba_magenta_temple

Skill      XL: |  1  2  3  4  5  6  7  8  9 |
---------------+----------------------------+-----
Unarmed Combat | 4 5 |  5.3
Transmutations | 3 4 5 6 |  6.6
Fighting       | 2 3 4 |  4.6
Ice Magic      | 1 2 4 |  4.4
Dodging        | 3 4 5 |  5.0
Spellcasting   | |  2.0

Action                     |  1- 3 |  4- 6 |  7- 9 || total
---------------------------+-------+-------+-------++-------
  Melee: Unarmed           |    31 |    51 |    39 ||   121
         Tentacles         |    10 |     8 |    66 ||    84
         Constrict         |     6 |    12 |    62 ||    80
         Punch             |     1 |     2 |    10 ||    13
         Flail             |       |     9 |   204 ||   213
         Kick              |       |       |    11 ||    11
   Cast: Spider Form       |     1 |     1 |       ||     2
    Use: Scroll            |       |     5 |     3 ||     8
         Potion            |       |     1 |     7 ||     8
   Stab: Sleeping          |     1 |     5 |    11 ||    17
 Armour: Skin              |     4 |    13 |    89 ||   106
  Dodge: Dodged            |    13 |    27 |   160 ||   200
  Block: Other             |     3 |    14 |    69 ||    86
         Reflection        |       |     4 |       ||     4

Table legend: (Time is in decaauts)
 A = Elapsed time spent in this place.
 B = Non-inter-level travel time spent in this place.
 C = Inter-level travel time spent in this place.
 D = Time resting spent in this place.
 E = Time spent auto-exploring this place.
 F = Levels seen in this place.
 G = Mean time per level.
                   A        B        C        D        E       F      G
               +--------+--------+--------+--------+--------+-----+--------+
         Total |   2650 |   2478 |    172 |    220 |    365 |   9 |  294.4 |
       Dungeon |   2233 |   2082 |    151 |    220 |    301 |   7 |  319.0 |
        Temple |     39 |     18 |     21 |      0 |      0 |   1 |   39.0 |
       Ossuary |    378 |    378 |      0 |      0 |     64 |   1 |  378.0 |
               +--------+--------+--------+--------+--------+-----+--------+

Top non-repeatable levels by time:
     D:4: 748 daAuts
     D:6: 587 daAuts
 Ossuary: 378 daAuts
     D:7: 345 daAuts
     D:1: 260 daAuts
     D:5: 160 daAuts
     D:2: 72 daAuts
     D:3: 58 daAuts
  Temple: 39 daAuts
